 Dungeon Sprint DCSS version 0.21-a0-346-g330ab2c (webtiles) character file.

262 Kidiri the Fighter (level 5, 0/53 HPs)
             Began as a Draconian Berserker on Oct 5, 2017.
             Was a Priest of Trog.
             Collided with an ogre (9 damage)
             ... caused by a deep elf mage
             ... in the Dungeon (Sprint VII: "The Pits").
             The game lasted 00:02:36 (627 turns).

Kidiri the Fighter (Draconian Berserker)             Turns: 627, Time: 00:02:37

Health: 0/53       AC:  5    Str: 21    XL:     5   Next: 97%
Magic:  5/5        EV: 14    Int:  7    God:    Trog [***...]
Gold:   0          SH:  0    Dex: 10    Spells: 4/4 levels left

rFire    . . .     SeeInvis .   a - +2 mace
rCold    . . .     Gourm    .   (no shield)
rNeg     . . .     Faith    .   (armour unavailable)
rPois    .         Spirit   .   (helmet restricted)
rElec    .         Reflect  .   (no cloak)
rCorr    .         Harm     .   (no gloves)
MR       .....     NoTele   +   (no boots)
Stlth    +.........             (no amulet)
HPRegen  0.17/turn              (no ring)
MPRegen  0.09/turn              (no ring)

@: berserk cooldown, very slightly contaminated, slowed, very slow
A: unfitting armour, cold-blooded, AC +5
a: Berserk, Trog's Hand, Burn Spellbooks, Renounce Religion


You were in the Dungeon.
You worshipped Trog.
Trog was most pleased with you.
You were very hungry.

You visited 1 branch

Inventory:

Hand Weapons
 a - a +2 mace (weapon)
Scrolls
 j - 3 scrolls of remove curse
 k - a scroll of summoning
Potions
 c - 6 potions of curing
 d - 5 potions of heal wounds
 e - a potion of haste
 f - 4 potions of magic
 g - 3 potions of berserk rage
 i - 2 potions of invisibility
Comestibles
 b - 8 bread rations
 l - 40 fruits
 m - 7 meat rations
 n - 7 chunks of flesh


   Skills:
 * Level 8.0 Fighting
 * Level 7.2 Maces & Flails
 + Level 4.0 Throwing
 * Level 6.6 Dodging


You had 4 spell levels left.
You didn't know any spells.

Dungeon Overview and Level Annotations

Branches:
Dungeon (1/1)

Altars:
Ashenzari
Cheibriados
Dithmenos
Elyvilon
Fedhas
Gozag
Hepliaklqana
Kikubaaqudgha
Makhleb
Nemelex Xobeh
Okawaru
Qazlal
Ru
Sif Muna
Trog
Uskayaw
Vehumet
Wu Jian
Xom
Yredelemnul
Zin
The Shining One
Beogh
Jiyva
Lugonu


Innate Abilities, Weirdness & Mutations

Your plain brown scales are hard. (AC +5)
You cannot fit into any form of body armour.
You are cold-blooded and may be slowed by cold attacks.


Message History

The deep elf mage hits you but does no damage.
Unknown command.
Eat one of 8 chunks of flesh? (ye/n/q)
You eat one of the 8 chunks of flesh.
This raw flesh tastes terrible.
You are feeling very hungry.
The orc wizard casts a spell.
The orc wizard flickers and vanishes!
Deactivating autopickup; reactivate with Ctrl-A.
The deep elf mage hits you with a rapier.
The deep elf mage misses you.
You swap places.
Your ogre closely misses the deep elf mage.
The orc priest invokes the aid of Beogh against you.
Beogh smites you!
* * * LOW HITPOINT WARNING * * *
The deep elf mage points at you and mumbles some strange words.
The lance of force hits your ogre.
Your ogre is knocked back by the lance of force.
Your ogre collides with you!
You die...

############
#_________.#
#_________.#
#_______...#######
##########'##.....
#.?(.+)))+.##.....
##########.##.....
#@......)...'.....
#O#####+#####.....
#e#...#.#..##.....
#K#...#)#))#####+#
#o#...+.#))##.....
#{##+####))##.....
#a#.....#[[##.....
#*#.....#+###...<.
#.#........##.....


You could see a deep elf mage, a big kobold, a worker ant, an orc priest, a
battlesphere and a friendly ogre (berserk).

Vanquished Creatures
  A floating eye (D)
  A necrophage (D)
  An orc priest (D)
  A gnoll (D)
  2 adders (D)
  A goblin (D)
  2 hobgoblins (D)
  7 jackals (D)
  A quokka (D)
17 creatures vanquished.

Notes
Turn   | Place    | Note
-------+----------+-------------------------------------------
     0 | D        | Kidiri the Draconian Berserker began the quest for the Orb.
     0 | D        | Reached XP level 1. HP: 19/19 MP: 1/1
    16 | D        | Reached skill level 4 in Fighting
    16 | D        | Reached skill level 1 in Throwing
    16 | D        | Reached XP level 2. HP: 19/27 MP: 2/2
    51 | D        | Found a bloodstained altar of Trog.
    51 | D        | Found a deep blue altar of Sif Muna.
    51 | D        | Found a viscous altar of Jiyva.
    51 | D        | Found a hazy altar of Hepliaklqana.
    51 | D        | Found an opulent altar of Gozag.
    52 | D        | Found a glowing golden altar of the Shining One.
    52 | D        | Found a glowing silver altar of Zin.
    52 | D        | Found a basalt altar of Yredelemnul.
    52 | D        | Found a shimmering altar of Xom.
    52 | D        | Found an ornate altar of the Wu Jian Council.
    52 | D        | Found a sacrificial altar of Ru.
    52 | D        | Found a stormy altar of Qazlal.
    52 | D        | Found an iron altar of Okawaru.
    52 | D        | Found a sparkling altar of Nemelex Xobeh.
    52 | D        | Found a burning altar of Makhleb.
    52 | D        | Found a blossoming altar of Fedhas.
    52 | D        | Found a white marble altar of Elyvilon.
    52 | D        | Found a shadowy altar of Dithmenos.
    52 | D        | Found a snail-covered altar of Cheibriados.
    54 | D        | Found a radiant altar of Vehumet.
    54 | D        | Found a corrupted altar of Lugonu.
    54 | D        | Found a roughly hewn altar of Beogh.
    55 | D        | Found a hide-covered altar of Uskayaw.
    55 | D        | Found an ancient bone altar of Kikubaaqudgha.
    55 | D        | Found a shattered altar of Ashenzari.
   168 | D        | Reached ** piety under Trog
   317 | D        | Noticed a floating eye
   320 | D        | Killed a floating eye
   320 | D        | Reached skill level 6 in Fighting
   320 | D        | Reached skill level 5 in Maces & Flails
   320 | D        | Reached skill level 5 in Dodging
   320 | D        | Reached XP level 3. HP: 38/38 MP: 3/3
   320 | D        | Reached XP level 4. HP: 45/45 MP: 4/4
   433 | D        | Noticed a necrophage
   442 | D        | Reached *** piety under Trog
   449 | D        | Reached **** piety under Trog
   461 | D        | Killed a necrophage
   461 | D        | Reached skill level 7 in Fighting
   461 | D        | Reached XP level 5. HP: 29/52 MP: 5/5
   598 | D        | Noticed a deep elf mage
   607 | D        | Reached ***** piety under Trog
   607 | D        | Received a gift from Trog
   607 | D        | Reached skill level 8 in Fighting
   613 | D        | HP: 3/78 [deep elf mage/magic dart (9)]
   627 | D        | Collided with an ogre

Vault maps used:
D:        pitsprint

Skill      XL: |  1  2  3  4  5 |
---------------+----------------+-----
Fighting       | 4 6 7 8 |  8.0
Throwing       | 1 3 4 |  4.0
Dodging        | 3 5 6 |  6.6
Maces & Flails | 5 6 7 |  7.2

Action                   |  1- 3 |  4- 6 || total
-------------------------+-------+-------++-------
Melee: Mace              |     8 |    40 ||    48
       Tailslap          |     1 |     2 ||     3
Invok: Berserk           |     1 |     1 ||     2
       Brothers in Arms  |       |     2 ||     2
       Trog's Hand       |       |     1 ||     1
  Use: Scroll            |       |     1 ||     1
       Potion            |       |     1 ||     1
  Eat: Chunk             |       |     1 ||     1
Armor: Skin              |     1 |     9 ||    10
Dodge: Dodged            |     2 |    30 ||    32

Table legend:
 A = Spawn XP
 B = Non-spawn XP
 C = Spawn XP percentage of total XP
 D = Spawn monster count
 E = Non-spawn monster count
 F = Spawn count percentage of total count
 G = Total turns spent on level
                    A         B        C        D         E        F      G
               +---------+---------+-------+---------+---------+-------+---------
         Total |       0 |     375 |   0.0 |       0 |      17 |   0.0 |   627
               +---------+---------+-------+---------+---------+-------+---------
             D |       0 |     375 |   0.0 |       0 |      17 |   0.0 |   627
               +---------+---------+-------+---------+---------+-------+---------
